 Dungeon Crawl Stone Soup version bcrawl-1.12-8-g964540c432 (webtiles) character file.

Game seed: 7980107991218887520

10910 Morbidden the Grappler (level 11, -4/56 HPs)
             Began as a Vine Stalker Archaeologist on June 3, 2019.
             Was the Champion of Okawaru.
             Slain by an orc warrior
             ... wielding a +0 halberd
              (7 damage)
             ... in a bailey on June 4, 2019.
             The game lasted 00:20:51 (6961 turns).

Morbidden the Grappler (Vine Stalker Archaeologist) Turns: 6961, Time: 00:20:52

Health: -4/56      AC: 31    Str: 18    XL:     11   Next: 69%
Magic:  0/21       EV:  3    Int: 14    God:    Okawaru [******]
Gold:   646        SH:  0    Dex: 12    Spells: 22/22 levels left

rFire    + . .     SeeInvis .     - Unarmed
rCold    + . .     Gourm    .   (no shield)
rNeg     + . .     Faith    .   f - +9 scales of the Dragon King {rPois rF+ rC+ MR+}
rPois    +         Spirit   +   b - +2 hat
rElec    .         Reflect  .   (no cloak)
rCorr    .         Harm     .   d - +1 pair of gloves
MR       ++...                  c - +1 pair of boots
Stlth    ..........             (no amulet)
HPRegen  0.58/turn              h - ring of positive energy
MPRegen  0.17/turn              n - +2 ring of slaying

@: no status effects
A: fangs 3, regeneration 1, magic shield, antimagic bite, no potion heal 3, rot
immunity
a: Heroism, Finesse, Renounce Religion


You were in a bailey.
You worshipped Okawaru.
Okawaru was exalted by your worship.
You were not hungry.

You visited 2 branches of the dungeon, and saw 10 of its levels.
You also visited: Bailey.

You collected 646 gold pieces.

Inventory:

Missiles
 e - 61 javelins of penetration (quivered)
 j - 2 throwing nets {!f}
Armour
 b - a +2 hat (worn)
 c - a +1 pair of boots (worn)
 d - a +1 pair of gloves (worn)
 f - the +9 scales of the Dragon King (worn) {rPois rF+ rC+ MR+}

   It protects you from fire.
   It protects you from cold.
   It protects you from poison.
   It affects your resistance to hostile enchantments.
Jewellery
 h - a ring of positive energy (left hand)
 n - a +2 ring of slaying (right hand)
 G - an uncursed ring of resist corrosion
 H - an uncursed ring of protection from fire
Wands
 r - a wand of iceblast (9)
 C - a wand of random effects (7)
 E - a wand of flame (11)
Scrolls
 i - a scroll of identify
 m - a scroll of enchant armour
 o - 5 scrolls of remove curse
 q - 5 scrolls of teleportation
 t - a scroll of magic mapping
 v - 3 scrolls of noise
 x - a scroll of enchant weapon
 y - 2 scrolls of amnesia
Potions
 a - 2 potions of lignification
 l - 3 potions of might
 p - 2 potions of flight
 s - a potion of curing {unknown}
 u - 2 potions of agility
 w - 2 potions of berserk rage
 z - 4 potions of brilliance
 B - a potion of cancellation
 D - a potion of invisibility {unknown}
Miscellaneous
 F - a phial of floods (inert)
Comestibles
 g - 17 rations {!d}


   Skills:
 * Level 5.6 Fighting
 + Level 0.3 Throwing
 + Level 7.7 Armour
 + Level 3.2 Dodging
 + Level 4.5 Stealth
 + Level 11.7 Unarmed Combat
 * Level 6.4 Spellcasting
 * Level 5.8 Invocations


You had 22 spell levels left.
You didn't know any spells.
Your spell library contained the following spells:

 Spells                   Type           Power        Failure   Level  Hunger
 Freeze                   Ice            #...         100%        1    None
 Throw Frost              Conj/Ice       #.....       100%        2    #......
 Ozocubu's Armour         Chrm/Ice       #.......     100%        3    ##.....
 Summon Ice Beast         Ice/Summ       #.......     100%        4    ####...
 Throw Icicle             Conj/Ice       #.......     100%        4    ####...


Dungeon Overview and Level Annotations

Branches:
Dungeon (9/12)             Temple (1/1) D:4            Lair (0/6) D:7
    Orc (0/1) D:8

Altars:
Ashenzari
Cheibriados
Dithmenos
Elyvilon
Fedhas
Gozag
Hepliaklqana
Kikubaaqudgha
Lugonu
Makhleb
Nemelex Xobeh
Okawaru
Qazlal
Ru
Uskayaw
Vehumet
Wu Jian
Xom
Yredelemnul
Zin
The Shining One

Shops:
D:7 }*(}%


Innate Abilities, Weirdness & Mutations

You have razor-sharp teeth.
Your natural rate of healing is unusually fast.
When hurt, damage is shared between your health and your magic reserves.
Your bite disrupts and absorbs the magic of your enemies.
Potions cannot restore your health.
You are immune to rotting.


Message History

The orc warrior hits you with a +0 halberd.
You hit the orc warrior but do no damage.
The orc warrior is moderately wounded.
The orc warrior hits you but does no damage.
Space bends around you.
* * * LOW HITPOINT WARNING * * *
The orc warrior hits you but does no damage.
Unknown command.
Unknown command.
The orc warrior hits you from afar with the cursed +1 bardiche of Duxe {distort, rC+}!
* * * LOW HITPOINT WARNING * * *
Space bends around you.
* * * LOW HITPOINT WARNING * * *
Things that are here:
a +0 halberd; a +0 ring mail; a sapphire potion Unknown command.
Unknown command.
Unknown command.
The orc warrior hits you with a +0 halberd!
You die...

#......≈##.∩#≈)..)...........≈#∩.
#......≈≈#.#≈≈...)..###......≈≈#.
#.......≈≈≈≈≈)...#########....≈≈≈
#...............##.......##......
#..............##).#'#'#..##.....
#..............#..##.#.##).#.....
#........)....##.#########!##....
#.............##.'.#,,,#.'.##....
#.............##@###,8,###)##....
#.............##)o.#,,,#)'.##....
#.............##.###*+*###.##....
#.......)......#o.#*∩,∩*#..##....
#..............##..#+++*#........
#...............##...,,*#........
#.......≈≈≈≈≈....##...,*#.....≈≈≈
#......≈≈#.#≈≈....#######....≈≈#.
#......≈##.∩#≈...............≈#∩.


You could see 2 orc warriors.

Vanquished Creatures
  Erica (D:8)
  Psyche (D:8)
  An orc knight (Bailey)
  A centaur zombie (D:8)
  Joseph (D:9)
  3 kobold demonologists (D:8)
  2 trolls
  A hippogriff (D:7)
  4 yaks (D:7)
  A spriggan (D:8)
  A basilisk (D:7)
  Eustachio (D:4)
  3 steam dragons (D:8)
  Menkaure (D:7)
  A hungry ghost (D:9)
  A water moccasin (D:8)
  2 porcupines (D:7)
  16 orc warriors
  2 ice beasts (D:8)
  A sky beast (D:5)
  A black bear (D:6)
  2 phantoms
  An ogre (D:5)
  3 centaurs
  4 crocodiles
  2 big kobolds
  5 bullfrogs
  2 gnoll sergeants
  6 scorpions
  A howler monkey (D:8)
  4 crimson imps
  A jelly (D:8)
  A hound (D:8)
  2 orc priests
  A bullfrog zombie (D:6)
  2 centaur skeletons
  4 orc wizards
  2 bullfrog skeletons
  Jessica (D:3)
  2 iguanas
  7 worker ants
  A killer bee zombie (D:8)
  A hound skeleton (D:7)
  13 gnolls
  10 adders
  A shadow imp (D:5)
  2 oozes
  An adder skeleton (D:6)
  2 worms
  5 dart slugs
  2 leopard geckos (D:2)
  56 orcs
  3 giant cockroaches
  5 hobgoblins
  10 jackals
  7 quokkas
  A ball python (D:3)
  5 bats
  5 frilled lizards
  7 goblins
  13 kobolds
  A quokka skeleton (D:5)
  6 rats
256 creatures vanquished.

Vanquished Creatures (collateral kills)
  An orc warrior (D:9)
  An ogre (D:9)
  An orc priest (D:9)
  An orc (D:9)
4 creatures vanquished.

Vanquished Creatures (others)
  4 fungi (D:7)
  5 plants (D:7)
9 creatures vanquished.

Grand Total: 269 creatures vanquished

Notes
Turn   | Place    | Note
-------+----------+-------------------------------------------
     0 | D:1      | Morbidden the Vine Stalker Archaeologist began the quest
                  | for the Orb.
     0 | D:1      | Reached XP level 1. HP: 9/9 MP: 2/2
   112 | D:1      | Reached skill level 1 in Fighting
   161 | D:1      | Reached XP level 2. HP: 14/14 MP: 3/3
   468 | D:2      | Reached skill level 1 in Unarmed Combat
   469 | D:2      | Reached XP level 3. HP: 13/18 MP: 2/4
   758 | D:2      | Reached skill level 1 in Armour
   925 | D:2      | Reached skill level 1 in Spellcasting
   984 | D:2      | Reached XP level 4. HP: 22/22 MP: 6/6
  1009 | D:2      | Found a radiant altar of Vehumet.
  1143 | D:2      | Reached skill level 2 in Unarmed Combat
  1481 | D:3      | Reached XP level 5. HP: 25/25 MP: 8/8
  1485 | D:3      | Noticed Jessica
  1495 | D:3      | Killed Jessica
  1538 | D:3      | Reached skill level 3 in Unarmed Combat
  1684 | D:3      | Noticed an ogre
  1943 | D:4      | Found a staircase to the Ecumenical Temple.
  1960 | Temple   | Entered the Ecumenical Temple
  2051 | Temple   | Became a worshipper of Warmaster Okawaru
  2103 | D:4      | Reached XP level 6. HP: 26/30 MP: 7/9
  2122 | D:4      | Noticed Eustachio
  2141 | D:4      | Killed Eustachio
  2141 | D:4      | Reached skill level 4 in Unarmed Combat
  2379 | D:4      | Reached * piety under Okawaru
  2379 | D:4      | Reached skill level 1 in Invocations
  2379 | D:4      | Reached XP level 7. HP: 34/35 MP: 8/10
  2715 | D:4      | Found a burning altar of Makhleb.
  2735 | D:5      | Entered Level 5 of the Dungeon
  2762 | D:5      | Reached skill level 5 in Unarmed Combat
  2877 | D:5      | Found an ornate altar of the Wu Jian Council.
  2960 | D:5      | Reached skill level 6 in Unarmed Combat
  3020 | D:5      | Gained mutation: You have razor-sharp teeth. [Vine Stalker
                  | growth]
  3020 | D:5      | Reached XP level 8. HP: 38/39 MP: 8/12
  3030 | D:5      | Reached ** piety under Okawaru
  3354 | D:6      | Reached skill level 7 in Unarmed Combat
  3511 | D:6      | Reached skill level 5 in Armour
  3948 | D:7      | Reached XP level 9. HP: 44/44 MP: 14/14
  4020 | D:7      | Found Gyts's Gadget Emporium.
  4068 | D:7      | Found a sacrificial altar of Ru.
  4117 | D:7      | Found a stormy altar of Qazlal.
  4141 | D:7      | Reached skill level 8 in Unarmed Combat
  4177 | D:7      | Reached *** piety under Okawaru
  4193 | D:7      | Found a staircase to the Lair.
  4217 | D:7      | Noticed Menkaure
  4311 | D:7      | Killed Menkaure
  4373 | D:7      | Reached skill level 9 in Unarmed Combat
  4390 | D:7      | Reached **** piety under Okawaru
  4390 | D:7      | Reached XP level 10. HP: 19/49 MP: 11/17
  4450 | D:7      | Received a gift from Okawaru
  4456 | D:7      | Found Azoarrid's Antique Weapon Boutique.
  4473 | D:7      | Found an opulent altar of Gozag.
  4630 | D:7      | Found Ukoik's Food Boutique.
  4689 | D:7      | Found Voifior's Assorted Antiques.
  4735 | D:7      | Found Qumnapne's Gadget Shop.
  4988 | D:8      | Found a blossoming altar of Fedhas.
  5070 | D:8      | Reached skill level 10 in Unarmed Combat
  5108 | D:8      | Noticed Psyche
  5158 | D:8      | Noticed Erica
  5180 | D:8      | Reached skill level 5 in Spellcasting
  5222 | D:8      | Found a basalt altar of Yredelemnul.
  5227 | D:8      | Noticed a kobold demonologist
  5229 | D:8      | Noticed a kobold demonologist
  5232 | D:8      | Noticed a kobold demonologist
  5267 | D:8      | Killed a kobold demonologist
  5267 | D:8      | Reached ***** piety under Okawaru
  5282 | D:8      | Killed a kobold demonologist
  5298 | D:8      | Killed a kobold demonologist
  5331 | D:8      | Found a staircase to the Orcish Mines.
  5502 | D:8      | Reached XP level 11. HP: 51/54 MP: 17/20
  5585 | D:8      | Reached skill level 5 in Fighting
  5585 | D:8      | Reached skill level 5 in Invocations
  5664 | D:8      | Killed Erica
  5664 | D:8      | Reached skill level 11 in Unarmed Combat
  5702 | D:8      | Killed Psyche
  5702 | D:8      | Received a gift from Okawaru
  6011 | D:9      | Noticed Joseph
  6023 | D:9      | Killed Joseph
  6064 | D:9      | Reached ****** piety under Okawaru
  6085 | D:9      | Found a flagged portal.
  6145 | Bailey   | Entered a bailey
  6811 | Bailey   | Noticed an orc knight
  6891 | Bailey   | Killed an orc knight
  6948 | Bailey   | Identified the cursed +1 bardiche of Duxe {distort, rC+}
  6961 | Bailey   | Slain by an orc warrior

Skill      XL: |  1  2  3  4  5  6  7  8  9 10 11 |
---------------+----------------------------------+-----
Fighting       | 1 2 3 4 5 |  5.6
Unarmed Combat | 1 2 3 4 6 7 9 10 11 | 11.7
Armour         | 1 2 3 4 5 6 7 |  7.7
Spellcasting   | 1 2 3 4 5 6 |  6.4
Invocations    | 1 2 3 4 5 |  5.8
Dodging        | 3 |  3.2
Throwing       | |  0.3
Stealth        | |  4.5

Action                   |  1- 3 |  4- 6 |  7- 9 | 10-12 || total
-------------------------+-------+-------+-------+-------++-------
Melee: Unarmed           |   183 |   154 |   354 |   493 ||  1184
       Bite              |    32 |    40 |    87 |   141 ||   300
       Punch             |       |       |     3 |    11 ||    14
Throw: Javelin           |       |       |       |     4 ||     4
Invok: Heroism           |       |       |     1 |     1 ||     2
       Finesse           |       |       |       |     1 ||     1
Evoke: Wand              |       |       |       |     3 ||     3
       Phial of floods   |       |       |       |     1 ||     1
  Use: Scroll            |     3 |     1 |     2 |    13 ||    19
       Potion            |       |       |     1 |       ||     1
 Stab: Sleeping          |     6 |       |       |       ||     6
  Eat: Chunk             |       |     4 |     5 |    11 ||    20
       Ration            |       |       |     1 |       ||     1
Armor: Robe              |    36 |       |       |       ||    36
       Plate armour      |    92 |   153 |   154 |       ||   399
       Skin              |       |       |     5 |       ||     5
       Gold dragon scale |       |       |   172 |   547 ||   719
Dodge: Dodged            |    99 |    65 |   105 |   105 ||   374
